 Dungeon Crawl Stone Soup version 0.27.0-1-g7a089689b8 (webtiles) character file.

Game seed: 1389819168987427338

277 wakim the Chiller (level 6, -1/32 HPs)
             Began as a Deep Elf Ice Elementalist on Aug 3, 2021.
             Was an Initiate of Vehumet.
             Succumbed to a hornet's poison
             ... on level 8 of the Dungeon.
             The game lasted 00:10:03 (5262 turns).

wakim the Chiller (Deep Elf Ice Elementalist)       Turns: 5262, Time: 00:10:04

Health: -1/32      AC: 10    Str:  6    XL:     6   Next: 4%
Magic:  6/14       EV: 12    Int: 21    God:    Vehumet [......]
Gold:   74         SH:  4    Dex: 15    Spells: 7/14 levels left

rFire    . . .     SeeInvis +   a - +2 flail (protect)
rCold    . . .     Faith    .   m - +0 buckler
rNeg     . . .     Spirit   .   i - +0 robe
rPois    .         Reflect  .   (no helmet)
rElec    .         Harm     .   (no cloak)
rCorr    .         Rampage  .   (no gloves)
Will     .....                  w - +0 pair of boots
Stlth    ++........             (no amulet)
HPRegen  0.10/turn              y - ring of see invisible
MPRegen  0.14/turn              (no ring)

@: lethally poisoned (-1 -> -18), ice-armoured, slowed, very slow
A: no striking features
a: Renounce Religion


You were on level 8 of the Dungeon.
You worshipped Vehumet.
Vehumet was noncommittal.
You visited 2 branches of the dungeon, and saw 7 of its levels.

You collected 180 gold pieces.
You spent 106 gold pieces at shops.

Inventory:

Hand Weapons
 a - a +2 flail of protection (weapon)
 b - a +0 dagger
Armour
 i - a +0 robe (worn)
 m - a +0 buckler (worn)
 w - a +0 pair of boots (worn)
Jewellery
 y - a ring of see invisible (left hand)
Scrolls
 c - 2 scrolls of fear {unknown}
 d - a scroll of immolation {unknown}
 e - 2 scrolls of vulnerability {unknown}
 h - 2 scrolls of blinking {unknown}
 k - a scroll of enchant armour {unknown}
 l - 5 scrolls of identify {unknown}
 n - a scroll of acquirement {unknown}
 o - a scroll of magic mapping {unknown}
 t - a scroll of amnesia {unknown}
 x - a scroll of teleportation {unknown}
Potions
 f - a potion of brilliance {unknown}
 g - 3 potions of haste {unknown}
 j - a potion of cancellation {unknown}
 p - a potion of attraction {unknown}
 q - a potion of flight {unknown}
 r - a potion of mutation {unknown}
 s - a potion of might {unknown}
 u - a potion of curing {unknown}
 v - a potion of lignification {unknown}


   Skills:
 - Level 2.4 Dodging
 - Level 2.4 Stealth
 * Level 2.1 Shields
 + Level 4.6 Spellcasting
 * Level 6.3 Ice Magic
 + Level 1.9 Earth Magic


You had 7 spell levels left.
You knew the following spells:

 Your Spells              Type           Power      Damage    Failure   Level
a - Freeze                Ice            100%       1d11      1%          1
b - Frozen Ramparts       Ice            62%        1d8       3%          3
c - Ozocubu's Armour      Ice            31%        N/A       3%          3

Your spell library contained the following spells:

 Spells                   Type           Power      Damage    Failure   Level
 Apportation              Tloc           8%         N/A       14%         1
 Hailstorm                Conj/Ice       18%        3d6       36%         4
 Fulminant Prism          Conj/Hex       2%         3d6       82%         4
 Iskenderun's Mystic Bla  Conj/Tloc      4%         2d3       82%         4
 Lee's Rapid Deconstruct  Erth           6%         3d7*      87%         5
 Alistair's Intoxication  Tmut/Pois      2%         N/A       99%         5
 Invisibility             Hex            2%         N/A       100%        6


Dungeon Overview and Level Annotations

Branches:
Dungeon (5/15)             Temple (1/1) D:5

Altars:
Ashenzari
Cheibriados
Dithmenos
Elyvilon
Fedhas
Kikubaaqudgha
Makhleb
Nemelex Xobeh
Qazlal
Trog
Vehumet
The Shining One

Shops:
D:3 *   D:8 [


Message History

A film of ice covers your body!
The wall freezes the hornet.
The wall freezes the hornet. x2; The hornet closely misses you.
Casting: Ozocubu's Armour (dangerous; 3% risk of failure)
Confirm with . or Enter, or press ? or * to list all spells.
Aiming: Freeze (safe; 1% risk of failure)
Press: ? - help, Shift-Dir - straight line, f - hornet
Aim: a hornet (moderately wounded)
You freeze the hornet.
The hornet is moderately wounded.
The wall freezes the hornet.
The hornet stings you!
You are poisoned.
You feel yourself slow down.
Casting: Freeze (safe; 1% risk of failure)
Confirm with . or Enter, or press ? or * to list all spells.
Aiming: Freeze (safe; 1% risk of failure)
Press: ? - help, Shift-Dir - straight line, f/p - hornet
Aim: a hornet (heavily wounded)
You freeze the hornet.
The hornet is heavily wounded.
You feel very sick.
The wall freezes the hornet.
The hornet closely misses you.
The wall freezes the hornet.
The hornet closely misses you.
The wall freezes the hornet but does no damage.
The hornet stings you.
You suddenly lose the ability to move!
You feel yourself speed up.
You feel sick.
The wall freezes the hornet.
The hornet stings you!
* * * LOW HITPOINT WARNING * * *
You are more poisoned.
You feel yourself slow down.
You can move again.
Casting: Freeze (safe; 1% risk of failure)
Confirm with . or Enter, or press ? or * to list all spells.
Aiming: Freeze (safe; 1% risk of failure)
Press: ? - help, Shift-Dir - straight line, f/p - hornet
Aim: a hornet (severely wounded)
You freeze the hornet!
You kill the hornet!
Vehumet accepts your kill.
The frozen ramparts melt away.
You die...

.... ........ .. .......
......####..
......#.####....##.....
..........##.#.......
.......#......#.....###
.......#..........##..##
...........#..##..#....#
#....[#..............#
#.......@#....##....8#
#......##....##.....#
#########.##.8...<..#
#.##........#
#.#....∩....#
#.#........##
#.#..>...8.#
#.#.....##.#
#.#8....##.#


There were no monsters in sight!

Vanquished Creatures
  A hornet (D:8)
  An ogre (D:3)
  An orc priest (D:3)
  An orc wizard (D:3)
  3 adders
  A white imp (D:5)
  An ufetubus (D:4)
  2 worms
  11 orcs
  7 bats
  5 endoplasms
  4 giant cockroaches
  A goblin (D:4)
  9 hobgoblins
  15 jackals
  2 quokkas
  2 ball pythons
  2 frilled lizards
  7 kobolds
  3 rats
79 creatures vanquished.

Notes
Turn   | Place    | Note
-------+----------+-------------------------------------------
     0 | D:1      | wakim the Deep Elf Ice Elementalist began the quest for the
                  | Orb.
     0 | D:1      | Reached XP level 1. HP: 10/10 MP: 6/6
   608 | D:1      | Reached XP level 2. HP: 10/15 MP: 4/8
  1229 | D:1      | Reached skill level 5 in Ice Magic
  1685 | D:2      | Reached XP level 3. HP: 16/19 MP: 6/10
  1752 | D:2      | Learned a level 3 spell: Frozen Ramparts
  1756 | D:2      | Learned a level 3 spell: Ozocubu's Armour
  2277 | D:2      | Found a faded altar of an unknown god.
  2651 | D:3      | Reached XP level 4. HP: 24/24 MP: 8/12
  2702 | D:3      | Found Hixys's Assorted Antiques.
  2711 | D:3      | Bought a bubbling clear potion for 17 gold pieces
  2711 | D:3      | Bought a scroll labelled RAMNON XIOWUPN for 19 gold pieces
  2711 | D:3      | Bought a scroll labelled RAMNON XIOWUPN for 19 gold pieces
  2711 | D:3      | Bought a coppery potion for 17 gold pieces
  2711 | D:3      | Bought a green potion for 17 gold pieces
  2711 | D:3      | Bought a metallic yellow potion for 17 gold pieces
  3013 | D:3      | Reached skill level 1 in Shields
  3013 | D:3      | Reached skill level 1 in Earth Magic
  3015 | D:3      | Reached XP level 5. HP: 20/28 MP: 1/13
  3221 | D:3      | Noticed an ogre
  3232 | D:3      | Killed an ogre
  3233 | D:3      | Reached skill level 6 in Ice Magic
  3462 | D:3      | Found a glowing golden altar of the Shining One.
  4131 | D:4      | Noticed a black bear
  4180 | D:4      | Found a stormy altar of Qazlal.
  4222 | D:4      | Found a snail-covered altar of Cheibriados.
  4248 | D:4      | Reached XP level 6. HP: 32/32 MP: 10/14
  4691 | D:5      | Entered Level 5 of the Dungeon
  4877 | D:5      | Noticed an ice beast
  4891 | D:5      | Noticed a sky beast
  4904 | D:5      | Found a staircase to the Ecumenical Temple.
  4913 | Temple   | Entered the Ecumenical Temple
  5143 | Temple   | Became a worshipper of Vehumet
  5215 | D:5      | You fall into a shaft and drop 3 floors!
  5219 | D:8      | Found Feidegay's Armour Boutique.
  5253 | D:8      | Noticed a hornet
  5260 | D:8      | Paralysed by a hornet for 2 turns
  5262 | D:8      | Killed a hornet
  5262 | D:8      | Succumbed to a hornet's poison

Illustrated notes

Levels and vault maps discovered:
D:1:      ebering_trefoil_3fold, layout_loops_corners, solitary_fountain,
          hangedman_feature_mirror, chequers_serial_rivers_large_a,
          minmay_misc_feat_pillars
D:2:      layout_rooms, dreamdust_ecumenical_altar_angels_and_demons
D:3:      layout_basic, nicolae_tso_carved_into_rock, serial_shops, shop,
          st_stairs_7, kennysheep_small_spiral, kennysheep_decorative_pillar,
          minmay_unequal
D:4:      layout_loops_ring, mainiacjoe_overflow_alcove_1,
          grunt_qazlal_sundering, kennysheep_another_room
D:5:      layout_rooms, minmay_temple_entry_glassed_door, kennysheep_boxes
D:8:      layout_cave_pools, chequers_temple_overflow_statue_of_worship,
          serial_shops, nicolae_stop_n_shop_1, corexii_hall_statues_deadend
Temple:   jpeg_temple_island

Skill      XL: |  1  2  3  4  5 |
---------------+----------------+-----
Ice Magic      | 5 6 |  6.3
Spellcasting   | 4 |  4.6
Shields        | 1 2 |  2.1
Earth Magic    | 1 |  1.9
Dodging        | |  2.4
Stealth        | |  2.4

Action                   |  1- 3 |  4- 6 || total
-------------------------+-------+-------++-------
Melee: Hand axe          |     1 |       ||     1
       Dagger            |    10 |     9 ||    19
       War axe           |     2 |       ||     2
       Flail             |       |    27 ||    27
 Cast: Freeze            |    38 |     4 ||    42
       Frozen Ramparts   |    12 |    21 ||    33
       Ozocubu's Armour  |       |     4 ||     4
 Stab: Sleeping          |     6 |       ||     6
Armor: Robe              |    13 |     9 ||    22
Dodge: Dodged            |    22 |    15 ||    37
Block: Buckler           |       |     7 ||     7
